 Dungeon Crawl Stone Soup version 0.23-a0-483-g32a748b514 (webtiles) character file.

703 LLavrengius the Insei (level 7, 0/50 HPs)
             Began as a Vampire Transmuter on Nov 30, 2018.
             Was a Priest of Lugonu.
             Shot with an arrow by a centaur (5 damage)
             ... on level 6 of the Dungeon.
             The game lasted 00:24:49 (4503 turns).

LLavrengius the Insei (Vampire Transmuter)          Turns: 4503, Time: 00:24:50

Health: 0/50       AC:  9    Str:  9    XL:     7   Next: 39%
Magic:  2/11       EV: 14    Int: 18    God:    Lugonu [***...]
Gold:   158        SH:  0    Dex: 14    Spells: 4/10 levels left

rFire    . . .     SeeInvis +     - Unarmed
rCold    . . .     Gourm    .   (no shield)
rNeg     + + .     Faith    .   k - +1 troll leather armour
rPois    .         Spirit   .   y - +0 helmet
rElec    .         Reflect  .   (no cloak)
rCorr    .         Harm     .   (no gloves)
MR       .....                  x - +0 pair of boots
Stlth    +.........             (no amulet)
HPRegen  0.56/turn              m - ring of positive energy
MPRegen  0.12/turn              v - +2 ring of protection

@: very slightly contaminated
A: fangs 3, see invisible, high mp 1, unbreathing
a: Bat Form, Depart the Abyss, Bend Space, Banish, Renounce Religion


You were on level 6 of the Dungeon.
You worshipped Lugonu.
Lugonu was most pleased with you.
You were not thirsty.

You visited 2 branches of the dungeon, and saw 7 of its levels.
You also visited: Sewer.

You collected 279 gold pieces.
You spent 121 gold pieces at shops.

Inventory:

Missiles
 a - 72 arrows
 g - 194 stones (quivered)
Armour
 k - a +1 troll leather armour (worn)
 x - a +0 pair of boots (worn)
 y - a +0 helmet (worn)
Jewellery
 m - a ring of positive energy (left hand)
 v - a +2 ring of protection (right hand)
Wands
 n - a wand of disintegration (14)
Scrolls
 c - 3 scrolls of remove curse
 f - 2 scrolls of identify
 h - 2 scrolls of enchant armour
 i - a scroll of enchant weapon
 l - 2 scrolls of teleportation {unknown}
 r - a scroll of random uselessness {unknown}
Potions
 b - 2 potions of degeneration
 d - 3 potions of blood
 e - a potion of resistance {unknown}
 j - a potion of berserk rage {unknown}
 o - 3 potions of mutation
 p - 2 potions of agility
 q - a potion of haste {unknown}
 s - 2 potions of heal wounds
 t - 2 potions of flight
 u - 2 potions of curing
 w - a potion of invisibility


   Skills:
 + Level 2.0 Fighting
 + Level 5.1 Dodging
 * Level 6.1 Unarmed Combat
 - Level 2.0 Spellcasting
 - Level 4.0 Transmutations
 - Level 2.1 Poison Magic
 + Level 1.3 Invocations


You had 4 spell levels left.
You knew the following spells:

 Your Spells              Type           Power        Failure   Level  Hunger
a - Beastly Appendage     Tmut           ###...       4%          1    #......
b - Sticks to Snakes      Tmut           ###.....     8%          2    ###....
c - Spider Form           Tmut/Pois      ##........   22%         3    ###....

Your spell library contained the following spells:

 Spells                   Type           Power        Failure   Level  Hunger
 Ice Form                 Ice/Tmut       #.......     73%         4    #####..
 Blade Hands              Tmut           ###.......   80%         5    ######.


Dungeon Overview and Level Annotations

Branches:
Dungeon (6/15)             Temple (1/1) D:5

Altars:
Ashenzari
Cheibriados
Dithmenos
Elyvilon
Fedhas
Gozag
Hepliaklqana
Kikubaaqudgha
Nemelex Xobeh
Okawaru
Qazlal
Ru
Sif Muna
Trog
Uskayaw
Wu Jian
Yredelemnul
Zin
The Shining One
Lugonu

Shops:
D:5 *


Innate Abilities, Weirdness & Mutations

You have razor-sharp teeth.
You have supernaturally acute eyesight. (SInv)
You can survive without breathing.
You have an increased reservoir of magic. (+10% MP)


Message History

Your skin glows momentarily.
The centaur unwields a +0 shortbow.
The centaur barely misses you.
The bullfrog skeleton barely misses you.
The centaur hits you.
* * * LOW HITPOINT WARNING * * *
Casting: Spider Form (safe; 22% risk of failure)
Confirm with . or Enter, or press ? or * to list all spells.
You miscast Spider Form.
Nothing appears to happen.
The bullfrog skeleton hits you.
* * * LOW HITPOINT WARNING * * *
The centaur closely misses you.
Unknown command.
The bullfrog skeleton hits you.
* * * LOW HITPOINT WARNING * * *
The centaur wields a +0 shortbow.
The centaur shoots an arrow.
The arrow barely misses you.
You see here an arrow.
The centaur shoots an arrow.
The arrow misses you.
The centaur shoots an arrow.
The arrow hits you.
You die...

##.# ### #... ##.#
##. .#...# #..##
#..# ......##
#...# ##..#
#....###...##..)#
#. #...#...(....#
#.. #..<........#
#...
#.......)..###...#
#..@.##...###...#
#..Z#####.......#
##...# ##.....##
#.c.## #)...##
#.g## ##.g...#
##..# #.g.##...#
.# #.g## #..## ...
#. ##..# ######.g#
.. #.# #.5.#
#...#..## .


You could see a centaur, 2 gnolls and a bullfrog skeleton.

Vanquished Creatures
  Purgy (Sewer)
  A centaur (D:6)
  A bullfrog (D:6)
  A gnoll sergeant (D:6)
  A bullfrog zombie (D:5)
  A hound (D:6)
  A centaur skeleton (D:4)
  An orc wizard (D:4)
  A bullfrog skeleton (D:4)
  3 worker ants
  A hound zombie (D:3)
  7 adders
  2 adder skeletons
  An adder zombie (D:5)
  2 worms
  2 dart slugs
  3 leopard geckos
  8 orcs
  7 bats
  6 giant cockroaches
  9 goblins
  6 hobgoblins
  4 jackals (D:1)
  3 quokkas
  2 ball pythons
  5 frilled lizards
  12 kobolds
  7 rats
99 creatures vanquished.

Notes
Turn   | Place    | Note
-------+----------+-------------------------------------------
     0 | D:1      | LLavrengius the Vampire Transmuter began the quest for the
                  | Orb.
     0 | D:1      | Reached XP level 1. HP: 14/14 MP: 3/3
    44 | D:1      | Reached skill level 1 in Fighting
   444 | D:1      | Reached XP level 2. HP: 17/21 MP: 5/5
   607 | D:1      | Learned a level 2 spell: Sticks to Snakes
  1095 | D:2      | Reached XP level 3. HP: 26/26 MP: 4/6
  1100 | D:2      | Learned a level 3 spell: Spider Form
  1264 | D:2      | Reached skill level 4 in Unarmed Combat
  1661 | D:2      | Found a faded altar of an unknown god.
  1667 | D:2      | Became a worshipper of Lugonu the Unformed
  1667 | D:2      | Reached * piety under Lugonu
  1667 | D:2      | Reached ** piety under Lugonu
  1670 | D:2      | Gained mutation: You are dopey. (Int -2) [potion of
                  | mutation]
  1670 | D:2      | Gained mutation: You occasionally shout uncontrollably at
                  | your foes. [potion of mutation]
  1670 | D:2      | Gained mutation: You possess an exceptional clarity of
                  | mind. [potion of mutation]
  1671 | D:2      | Lost mutation: You are dopey. (Int -2) [potion of mutation]
  1671 | D:2      | Lost mutation: You occasionally shout uncontrollably at
                  | your foes. [potion of mutation]
  1671 | D:2      | Lost mutation: You possess an exceptional clarity of mind.
                  | [potion of mutation]
  1671 | D:2      | Gained mutation: You have an increased reservoir of magic.
                  | (+10% MP) [potion of mutation]
  1795 | D:3      | Reached XP level 4. HP: 32/32 MP: 7/7
  2686 | D:4      | Reached XP level 5. HP: 36/37 MP: 8/8
  2904 | D:4      | Reached skill level 1 in Poison Magic
  3169 | D:4      | Reached XP level 6. HP: 43/43 MP: 9/9
  3275 | D:5      | Entered Level 5 of the Dungeon
  3322 | D:5      | Found a snail-covered altar of Cheibriados.
  3358 | D:5      | Found a glowing drain.
  3383 | D:5      | Reached skill level 5 in Unarmed Combat
  3443 | Sewer    | Entered a sewer
  3483 | Sewer    | Noticed Purgy
  3492 | Sewer    | Killed Purgy
  3592 | Sewer    | Reached *** piety under Lugonu
  3641 | D:5      | Found an ornate altar of the Wu Jian Council.
  3653 | D:5      | Found a staircase to the Ecumenical Temple.
  3752 | Temple   | Entered the Ecumenical Temple
  4134 | D:5      | Found Xuaw Mui's General Store.
  4137 | D:5      | Bought a potion of curing for 33 gold pieces
  4137 | D:5      | Bought a potion of invisibility for 88 gold pieces
  4181 | D:5      | Found a sparkling altar of Nemelex Xobeh.
  4314 | D:6      | Reached XP level 7. HP: 36/48 MP: 11/11
  4338 | D:6      | Reached skill level 5 in Dodging
  4338 | D:6      | Reached skill level 1 in Invocations
  4422 | D:6      | Reached skill level 6 in Unarmed Combat
  4503 | D:6      | Shot with an arrow by a centaur

Vault maps used:
D:1:      dpeg_arrival_tiny_f, grunt_decor_cap, minmay_misc_feat_diagonals
D:2:      chequers_ecumenical_altar_lobes
D:4:      first_ration
D:5:      cheibrodos_helix_gallery, nicolae_overflow_crystal_walls, minitemple,
          temple_pool_b, gup_sewer_entry_glass, serial_shops,
          nicolae_shop_behind_doors
D:6:      minmay_opposing_rooms, grunt_temple_overflow_lords_of_destruction,
          minivault_19, uniq_blork_the_orc, uniq_crazy_yiuf_cottage
Temple:   eino_temple_scatter_basement
Sewer:    kennysheep_door_sewer

Skill      XL: |  1  2  3  4  5  6  7 |
---------------+----------------------+-----
Fighting       | 1 2 |  2.0
Dodging        | 3 4 5 |  5.1
Transmutations | 3 4 |  4.0
Unarmed Combat | 4 5 6 |  6.1
Poison Magic   | 1 2 |  2.1
Invocations    | 1 |  1.3
Spellcasting   | |  2.0

Action                   |  1- 3 |  4- 6 |  7- 9 || total
-------------------------+-------+-------+-------++-------
Melee: Unarmed           |   155 |   196 |    16 ||   367
       Kick              |     9 |     3 |       ||    12
       Bite              |     7 |     9 |       ||    16
       Punch             |     2 |       |       ||     2
       Headbutt          |     2 |     5 |       ||     7
 Cast: Beastly Appendage |    19 |    11 |       ||    30
       Sticks to Snakes  |     3 |     1 |       ||     4
       Spider Form       |       |    13 |     4 ||    17
  Use: Potion            |     2 |       |       ||     2
       Scroll            |     1 |    10 |       ||    11
 Stab: Sleeping          |     1 |     2 |       ||     3
  Eat: Corpse            |    13 |    10 |       ||    23
Armor: Robe              |    11 |       |       ||    11
       Troll leather arm |    35 |    20 |     7 ||    62
       Skin              |       |     3 |     7 ||    10
Dodge: Dodged            |   103 |   154 |    71 ||   328

Table legend:
 A = Non-vault XP
 B = Vault XP
 C = Vault XP percentage of total XP
 D = Non-vault monster count
 E = Vault monster count
 F = Vault count percentage of total count
                 A         B        C        D         E       F
            +---------+---------+-------+---------+---------+-------
      Total |     826 |     179 |  17.8 |      88 |      11 |  11.1
            +---------+---------+-------+---------+---------+-------
        D:1 |      36 |       0 |   0.0 |      22 |       0 |   0.0
        D:2 |      52 |       0 |   0.0 |      22 |       0 |   0.0
        D:3 |      79 |       0 |   0.0 |      19 |       0 |   0.0
        D:4 |     222 |       0 |   0.0 |      14 |       0 |   0.0
        D:5 |      99 |      43 |  30.3 |       7 |       5 |  41.7
        D:6 |     338 |       0 |   0.0 |       4 |       0 |   0.0
      Sewer |       0 |     136 | 100.0 |       0 |       6 | 100.0
            +---------+---------+-------+---------+---------+-------
